 Dungeon Crawl Stone Soup version 0.25.1-9-gc5326a611f (webtiles) character file.

Game seed: 4985803889399854920

1638 teolandon225 the Fighter (level 8, -7/74 HPs)
             Began as a Minotaur Berserker on Dec 25, 2020.
             Was an Elder of Trog.
             Mangled by a wight
             ... wielding a +0 long sword
              (12 damage)
             ... on level 6 of the Dungeon.
             The game lasted 00:18:33 (7088 turns).

teolandon225 the Fighter (Minotaur Berserker)       Turns: 7088, Time: 00:18:34

Health: -7/74      AC: -2    Str: 24    XL:     8   Next: 66%
Magic:  0/7        EV: 13    Int:  4    God:    Trog [****..]
Gold:   277        SH:  0    Dex: 10    Spells: 7/7 levels left

rFire    + . .     SeeInvis .   x - +2 dagger (venom)
rCold    + + .     Gourm    .   (no shield)
rNeg     . . .     Faith    .   r - +1 leather armour of Boeps {Harm *Slow rC++}
rPois    .         Spirit   +   (helmet restricted)
rElec    .         Reflect  .   (no cloak)
rCorr    .         Harm     +   f - +0 pair of gloves
MR       .....                  (no boots)
Stlth    +.........             t - amulet of guardian spirit
HPRegen  0.22/turn              y - ring of protection from fire
MPRegen  0.10/turn              (no ring)

@: corroded, berserk cooldown, slowed, drained, very slow
A: retaliatory headbutt, horns 2
a: Berserk, Trog's Hand, Brothers in Arms, Renounce Religion


You were on level 6 of the Dungeon.
You worshipped Trog.
Trog was greatly pleased with you.
You were not hungry.

You visited 1 branch of the dungeon, and saw 6 of its levels.

You collected 277 gold pieces.

Inventory:

Hand Weapons
 a - a +0 hand axe
 d - a +0 hand axe
 e - a +2 dagger of speed
 k - a +0 dagger of draining
 w - a +2 flail of draining
 x - a +2 dagger of venom (weapon)
 B - a +0 scythe
Armour
 b - a +0 animal skin
 f - a +0 pair of gloves (worn)
 l - a +0 leather armour
 m - a +0 ring mail
 o - a +0 robe
 r - the +1 leather armour of Boeps (worn) {Harm *Slow rC++}
   (You found it on level 4 of the Dungeon)

   It greatly protects you from cold.
   It may slow you when you take damage.
   It increases damage dealt and taken.
 z - a +0 ring mail
 A - a +0 robe
Jewellery
 g - an uncursed ring of protection from magic
 t - an amulet of guardian spirit (around neck)
 y - a ring of protection from fire (left hand)
 G - an uncursed amulet of regeneration {unknown}
 H - an uncursed ring of flight
Wands
 u - a wand of paralysis (10)
 E - a wand of random effects (13)
Scrolls
 h - 3 scrolls of teleportation
 p - 4 scrolls of remove curse
 q - 2 scrolls of identify
 s - a scroll of magic mapping {unknown}
 C - a scroll of enchant armour {unknown}
 D - a scroll of brand weapon {unknown}
 F - a scroll of fear {unknown}
Potions
 i - 2 potions of berserk rage
 j - a potion of might
 n - a potion of lignification {unknown}
 v - a potion of invisibility {unknown}
Comestibles
 c - 3 rations


   Skills:
 * Level 8.3(7.4) Fighting
 * Level 6.1(5.2) Short Blades
 - Level 4.6(3.8) Axes
 + Level 6.1(5.2) Armour
 + Level 5.4(4.6) Dodging


You had 7 spell levels left.
You didn't know any spells.
Your spell library was empty.

Dungeon Overview and Level Annotations

Branches:
Dungeon (6/15)             Temple (0/1) D:4

Altars:
Cheibriados
Fedhas
Nemelex Xobeh
Ru
Trog
Vehumet
Wu Jian


Innate Abilities, Weirdness & Mutations

You reflexively headbutt those who attack you in melee.
You have a pair of horns on your head.


Message History

The sky beast closely misses you. The jelly closely misses you.
The wight hits you with a +0 great sword!
You feel drained.
You hit the jelly.
Your hands burn!
The jelly is severely wounded.
The sky beast closely misses you.
The wight hits you with a +0 long sword.
You feel drained. The jelly hits you. The acid corrodes you!
You are splashed with acid!
* * * LOW HITPOINT WARNING * * *
The sky beast hits you.
* * * LOW HITPOINT WARNING * * *
The sky beast shocks you.
* * * LOW HITPOINT WARNING * * *
You hit the jelly but do no damage.
The jelly looks as sick as possible!
Your hands burn!
* * * LOW HITPOINT WARNING * * *
The jelly is severely wounded.
The wight hits you with a +0 long sword!
You die...

######## .#
#..<...###.#
#.####.#...#
####.####.....#
#....##........
###.#..##z#(.....
#....))J@Y......#
#....####z....##
#....# #.....#
#.)..# #....##
#.###.# ####.# #.
#.# ... #. #.#
.[. #. #.# ... #.
#J. ...


You could see a sky beast (very poisoned), a jelly (extremely poisoned) and 2
wights.

Vanquished Creatures
  A phantom (D:4)
  A necrophage (D:5)
  2 centaurs (D:5)
  2 ogres (D:4)
  A water moccasin zombie (D:5)
  2 wights (D:6)
  A crimson imp (D:5)
  3 hounds
  2 bullfrog skeletons (D:5)
  2 gnoll shamans (D:4)
  3 iguanas
  2 worker ants (D:4)
  A killer bee zombie (D:5)
  Robin (D:2)
  A worker ant zombie (D:5)
  28 gnolls
  3 adders
  2 oozes
  An adder skeleton (D:3)
  2 worms
  5 dart slugs
  9 leopard geckos
  12 orcs
  6 bats
  7 giant cockroaches
  12 hobgoblins
  22 jackals
  9 kobolds
  A quokka (D:3)
  7 frilled lizards
  15 goblins
  5 rats
171 creatures vanquished.

Vanquished Creatures (collateral kills)
  2 gnoll shamans (D:4)
  17 gnolls (D:4)
19 creatures vanquished.

Grand Total: 190 creatures vanquished

Notes
Turn   | Place    | Note
-------+----------+-------------------------------------------
     0 | D:1      | teolandon225 the Minotaur Berserker began the quest for the
                  | Orb.
     0 | D:1      | Reached XP level 1. HP: 19/19 MP: 0/0
   145 | D:1      | Reached XP level 2. HP: 21/27 MP: 1/1
   313 | D:1      | You fall into a shaft and drop 1 floor!
   313 | D:2      | Noticed Robin
   336 | D:2      | Reached skill level 4 in Fighting
   343 | D:2      | Reached XP level 3. HP: 33/33 MP: 2/2
   352 | D:2      | Killed Robin
   393 | D:2      | Reached ** piety under Trog
   649 | D:1      | Reached XP level 4. HP: 17/40 MP: 3/3
  1667 | D:2      | Found a sparkling altar of Nemelex Xobeh.
  2384 | D:3      | Reached *** piety under Trog
  2632 | D:3      | Found an ornate altar of the Wu Jian Council.
  2820 | D:3      | Reached XP level 5. HP: 40/47 MP: 2/4
  2994 | D:3      | Reached skill level 1 in Short Blades
  3022 | D:3      | Found a bloodstained altar of Trog.
  3029 | D:3      | Found a sacrificial altar of Ru.
  3032 | D:3      | Found a snail-covered altar of Cheibriados.
  3610 | D:4      | Noticed an ogre
  3614 | D:4      | Killed an ogre
  3614 | D:4      | Reached skill level 5 in Fighting
  3614 | D:4      | Reached XP level 6. HP: 56/56 MP: 5/5
  3866 | D:4      | Found a staircase to the Ecumenical Temple.
  4113 | D:4      | Reached **** piety under Trog
  4382 | D:4      | Reached skill level 6 in Fighting
  4382 | D:4      | Reached XP level 7. HP: 42/63 MP: 4/6
  4388 | D:4      | Got a shimmering leather armour
  4400 | D:4      | Identified the +1 leather armour of Boeps {Harm *Slow rC++}
                  | (You found it on level 4 of the Dungeon)
  4836 | D:4      | Reached skill level 5 in Armour
  4886 | D:4      | Reached skill level 7 in Fighting
  5157 | D:4      | Reached XP level 8. HP: 66/73 MP: 4/7
  5335 | D:4      | You fall into a shaft and drop 1 floor!
  5335 | D:5      | Entered Level 5 of the Dungeon
  5606 | D:5      | Reached skill level 5 in Short Blades
  5610 | D:5      | Reached skill level 5 in Dodging
  6004 | D:5      | Found a blossoming altar of Fedhas.
  6005 | D:5      | Found a radiant altar of Vehumet.
  6015 | D:5      | Reached skill level 8 in Fighting
  7088 | D:6      | Mangled by a wight

Illustrated notes

Levels and vault maps discovered:
D:1:      dpeg_arrival_rhombus, layout_rooms, minmay_tiny_reverse_x
D:2:      layout_loops_ring, lemuel_crystal_altar, first_ration, uniq_robin
D:3:      minmay_recursive_quarters, layout_basic,
          grunt_temple_overflow_diamond, marbit_many_paths
D:4:      lemuel_castle_with_subvaults [lemuel_castle_interior_original],
          layout_basic, minmay_temple_entry_large_hall, minmay_lizard_king
D:5:      layout_layer_cave, grunt_temple_overflow_open, cheibrodos_gnoll_hut
D:6:      layout_loops_cross, old_standard_altar, portal_sewer_entry_b,
          minivault_24, kennysheep_nondescript

Skill      XL: |  1  2  3  4  5  6  7  8 |
---------------+-------------------------+-----
Fighting       | 4 5 6 7 8 |  8.3
Armour         | 3 4 5 6 |  6.1
Axes           | 4 |  4.6
Dodging        | 3 4 5 |  5.4
Short Blades   | 2 3 4 6 |  6.1

Action                   |  1- 3 |  4- 6 |  7- 9 || total
-------------------------+-------+-------+-------++-------
Melee: Hand axe          |    66 |    56 |       ||   122
       Headbutt          |     9 |    34 |    33 ||    76
       Dagger            |       |   106 |   152 ||   258
Invok: Berserk           |     2 |       |     5 ||     7
       Brothers in Arms  |       |       |     2 ||     2
       Trog's Hand       |       |       |     1 ||     1
  Use: Scroll            |       |     7 |     1 ||     8
       Potion            |       |     1 |     1 ||     2
 Stab: Sleeping          |       |     1 |       ||     1
  Eat: Chunk             |       |     6 |     5 ||    11
       Ration            |       |     2 |     3 ||     5
Armor: Animal skin       |    12 |     3 |       ||    15
       Robe              |       |    27 |       ||    27
       Leather armour    |       |       |    26 ||    26
Dodge: Dodged            |    34 |   120 |   104 ||   258
